 Dungeon Crawl Stone Soup version 0.31-a0-4-gefa6de2278 (webtiles) character file.

Game seed: 1749749566436616751

2006 bande the Chopper (level 9, -2/55 HPs)
             Began as a Gargoyle Fighter on May 3, 2023.
             Slain by a two-headed ogre
             ... wielding a +0 giant club
              (20 damage)
             ... on level 6 of the Dungeon.
             The game lasted 00:08:16 (5713 turns).

bande the Chopper (Gargoyle Fighter)                Turns: 5713, Time: 00:08:17

Health: -2/55      AC: 18    Str: 19    XL:     9   Next: 22%
Magic:  9/9        EV:  9    Int: 10    God:
Gold:   389        SH: 10    Dex: 13    Spells: 8/8 levels left

rFire   + . .        i - +1 broad axe (venom)
rCold   . . .        c - +0 buckler
rNeg    + . .        b - +0 scale mail
rPois   ∞            j - +1 helmet
rElec   +            n - +1 cloak
rCorr   .            (no gloves)
SInv    .            (no boots)
Will    .....        l - amulet of reflection Stlth
                     w - ring of protection from fire
HPRegen 0.29/turn    (no ring)
MPRegen 0.11/turn

%: reflection
@: no status effects
A: sickness immunity, AC +6, negative energy resistance 1, electricity
resistance, torment resistance 1, petrification resistance
a: no special abilities


You were on level 6 of the Dungeon.
You visited 2 branches of the dungeon, and saw 8 of its levels.

You collected 389 gold pieces.

Inventory:

Hand Weapons
 a - a +0 war axe
 i - a +1 broad axe of venom (weapon)
 p - a +0 arbalest
 x - a +2 flail of draining
Missiles
 o - a throwing net (quivered)
Armour
 b - a +0 scale mail (worn)
 c - a +0 buckler (worn)
 j - a +1 helmet (worn)
 n - a +1 cloak (worn)
Jewellery
 l - an amulet of reflection (around neck)
 w - a ring of protection from fire (left hand)
Wands
 h - a wand of flame (19)
 k - a wand of mindburst (12)
Scrolls
 g - 2 scrolls of amnesia
 r - a scroll of magic mapping
 s - a scroll of fog
 u - a scroll of enchant armour
 v - a scroll of poison
Potions
 d - 5 potions of might
 e - 2 potions of haste
 f - 2 potions of curing
 m - a potion of magic
 t - a potion of resistance {unknown}


   Skills:
 + Level 5.6 Fighting
 + Level 7.2 Axes
 + Level 6.2 Armour
 - Level 0.1 Dodging
 + Level 5.3 Shields
 * Level 4.2 Evocations


You had 8 spell levels left.
You didn't know any spells.
Your spell library contained the following spells:

 Spells                   Type           Power      Damage    Failure   Level
 Magic Dart               Conj           0%         1d3       77%         1
 Summon Small Mammal      Summ           0%         N/A       77%         1
 Call Imp                 Summ           0%         N/A       88%         2
 Lesser Beckoning         Tloc           0%         N/A       88%         2
 Call Canine Familiar     Summ           0%         N/A       98%         3
 Frozen Ramparts          Ice            0%         1d1       98%         3
 Gell's Gravitas          Tloc           0%         N/A       98%         3
 Inner Flame              Hex/Fire       0%         N/A       98%         3
 Mephitic Cloud           Conj/Pois/Air  0%         N/A       98%         3
 Summon Guardian Golem    Hex/Summ       0%         N/A       98%         3
 Teleport Other           Tloc           0%         N/A       98%         3
 Flame Wave               Conj/Fire      0%         2d4       100%        4
 Ice Form                 Ice/Tmut       0%         N/A       100%        4
 Sticky Flame             Conj/Fire      0%         2d3       100%        4
 Summon Ice Beast         Ice/Summ       0%         N/A       100%        4


Dungeon Overview and Level Annotations

Branches:
Dungeon (7/15)             Temple (1/1) D:6

Altars:
Ashenzari
Cheibriados
Dithmenos
Elyvilon
Fedhas
Gozag
Hepliaklqana
Makhleb
Qazlal
Ru
Vehumet
Wu Jian
Xom
Yredelemnul
Zin
The Shining One


Innate Abilities, Weirdness & Mutations

You are immune to sickness and miasma.
Your stone body is resilient. (AC +6)
You are immune to poison.
You resist negative energy. (rN+)
You are resistant to electric shocks. (rElec)
You are resistant to unholy torment.
You are immune to petrification.


Message History

The poisoned dart hits you!
The kobold brigand hits you with a +0 club.
The kobold brigand hits you but does no damage.
You closely miss the kobold brigand.
The kobold brigand is lightly wounded.
You block the kobold brigand's attack.
A two-headed ogre comes into view. It is wielding two +0 giant clubs.
You hit the kobold brigand.
The kobold brigand looks as sick as possible!
The kobold brigand is lightly wounded.
You block the kobold brigand's attack.
You slash the kobold brigand!
The kobold brigand looks as sick as possible!
The kobold brigand is heavily wounded.
The kobold brigand hits you but does no damage.
You closely miss the kobold brigand.
The kobold brigand is heavily wounded.
The kobold brigand barely misses you. You block the two-headed ogre's attack.
The two-headed ogre hits you with a +0 giant club!
* * * LOW HITPOINT WARNING * * *
The kobold brigand hits you but does no damage.
Unknown command.
You feel much better.
The kobold brigand hits you but does no damage.
You slash the two-headed ogre!
The two-headed ogre is poisoned.
The two-headed ogre is moderately wounded.
You barely miss the kobold brigand. You block the two-headed ogre's attack.
The two-headed ogre hits you with a +0 giant club!
You block the kobold brigand's attack.
You barely miss the two-headed ogre.
The two-headed ogre is moderately wounded.
You slash the kobold brigand!
You kill the kobold brigand!
The two-headed ogre hits you with a +0 giant club.
You block the two-headed ogre's attack.
You slash the two-headed ogre!
The two-headed ogre looks as sick as possible!
The two-headed ogre is heavily wounded.
The two-headed ogre hits you with a +0 giant club!!
You die...

#.# #.......... #.#
##.#...##... #.#
#..##.###..< ###.#
#)###.###..# #...#
##.###.......
#.#.####.#.##..##...
#...##..###........#
#.#.#......##..##...
#.)@#.#........##...
#.#O#......###.###.8
#...##).#.#.##.# #..
###.##.##.##.#.###..
..##.##..........#
#.#..#####.#......
..#... #.##.†###.
#.+..#...# #..# ##
#....## #..# #


You could see a two-headed ogre (extremely poisoned).

Vanquished Creatures
  A kobold demonologist (D:6)
  A shadow (D:6)
  A steam dragon (D:6)
  A water moccasin (D:5)
  An ice beast (D:6)
  A sky beast (D:3)
  A black bear (D:4)
  An ogre (D:6)
  3 kobold brigands
  A bullfrog (D:6)
  4 scorpions
  A hound (D:5)
  A gnoll bouda (D:6)
  3 iguanas
  A sleepcap (D:6)
  2 orc wizards
  Robin (D:3)
  6 gnolls
  8 adders
  2 shadow imps
  3 white imps
  A worm (D:4)
  4 dart slugs
  7 orcs
  5 ball pythons
  6 bats
  5 endoplasms
  4 giant cockroaches
  14 goblins
  7 hobgoblins
  4 jackals
  3 frilled lizards
  18 kobolds
  5 rats
127 creatures vanquished.

Notes
Turn   | Place    | Note
-------+----------+-------------------------------------------
     0 | D:1      | bande the Gargoyle Fighter began the quest for the Orb.
     0 | D:1      | Reached XP level 1. HP: 14/14 MP: 1/1
   218 | D:1      | Reached XP level 2. HP: 18/19 MP: 2/2
   339 | D:1      | Found a faded altar of an unknown god.
   622 | D:2      | Reached XP level 3. HP: 17/24 MP: 3/3
  1042 | D:1      | Reached skill level 2 in Axes
  1330 | D:2      | Found a radiant altar of Vehumet.
  1420 | D:2      | Reached XP level 4. HP: 29/29 MP: 4/4
  1923 | D:3      | Noticed Robin
  1932 | D:3      | Killed Robin
  2067 | D:3      | Reached XP level 5. HP: 29/33 MP: 5/5
  2074 | D:3      | Reached skill level 3 in Axes
  2651 | D:4      | Noticed a sky beast
  2677 | D:3      | Killed a sky beast
  2678 | D:3      | Reached skill level 1 in Evocations
  2678 | D:3      | Reached XP level 6. HP: 33/38 MP: 6/6
  2872 | D:4      | Reached skill level 4 in Axes
  2979 | D:4      | Noticed a black bear
  2989 | D:4      | Killed a black bear
  3308 | D:4      | Found an ornate altar of the Wu Jian Council.
  3383 | D:4      | Reached XP level 7. HP: 41/44 MP: 7/7
  3513 | D:4      | You fall into a shaft and drop 3 floors!
  3570 | D:6      | Noticed a kobold demonologist
  3590 | D:6      | Killed a kobold demonologist
  3591 | D:6      | Reached skill level 5 in Axes
  3597 | D:6      | Reached skill level 5 in Armour
  3684 | D:6      | Found a shadowy altar of Dithmenos.
  3704 | D:6      | Reached XP level 8. HP: 47/48 MP: 8/8
  3761 | D:6      | Found a white marble altar of Elyvilon.
  3771 | D:6      | Found a staircase to the Ecumenical Temple.
  3781 | Temple   | Entered the Ecumenical Temple
  3887 | D:6      | Reached skill level 5 in Fighting
  4008 | D:5      | Entered Level 5 of the Dungeon
  4095 | D:5      | Reached skill level 6 in Axes
  5627 | D:6      | Found a basalt altar of Yredelemnul.
  5640 | D:6      | Reached skill level 5 in Shields
  5640 | D:6      | Reached XP level 9. HP: 48/54 MP: 9/9
  5698 | D:6      | Reached skill level 7 in Axes
  5706 | D:6      | Noticed a two-headed ogre
  5713 | D:6      | Slain by a two-headed ogre

Illustrated notes

Levels and vault maps discovered:
D:1:      minmay_arrival_loop, layout_basic,
          hellmonk_ecumenical_altar_pennies_from_heaven
D:2:      layout_rooms, basic_altar, st_stairs_4
D:3:      layout_basic, kennysheep_nub, uniq_robin
D:4:      cheibrodos_thug_alley, layout_layer_cave, kennysheep_mini_moat
D:5:      layout_loops_ring, hangedman_abyss_or_decor_lesser_grid
D:6:      layout_loops_ring, grunt_temple_overflow_magic_moments,
          nicolae_dithmenos_shadow_blocks, nemelex_xobeh_ov_fountains_minmay,
          elyvilon_altar_5, amcnicky_altar_gilded, minmay_temple_entry_waves,
          hangedman_minor_gate_pass, uniq_edmund, uniq_crazy_yiuf_cottage,
          uniq_blork_the_orc
D:7:      layout_basic
Temple:   jpeg_temple_clearing

Skill      XL: |  1  2  3  4  5  6  7  8  9 |
---------------+----------------------------+-----
Fighting       | 4 5 |  5.6
Axes           | 2 3 4 5 6 7 |  7.2
Armour         | 4 5 6 |  6.2
Evocations     | 1 2 4 |  4.2
Shields        | 4 5 |  5.3
Dodging        | |  0.1

Action                     |  1- 3 |  4- 6 |  7- 9 || total
---------------------------+-------+-------+-------++-------
  Melee: War axe           |    32 |       |       ||    32
         Broad axe         |    32 |   133 |   171 ||   336
    Use: Scroll            |     3 |     6 |     5 ||    14
         Potion            |       |       |     1 ||     1
 Armour: Scale mail        |    48 |    96 |    87 ||   231
  Dodge: Dodged            |    42 |    88 |    49 ||   179
  Block: Buckler           |    15 |    47 |    66 ||   128
         Reflection        |       |       |     2 ||     2

Table legend: (Time is in decaauts)
 A = Elapsed time spent in this place.
 B = Non-inter-level travel time spent in this place.
 C = Inter-level travel time spent in this place.
 D = Time resting spent in this place.
 E = Time spent auto-exploring this place.
 F = Levels seen in this place.
 G = Mean time per level.
                   A        B        C        D        E       F      G
               +--------+--------+--------+--------+--------+-----+--------+
         Total |   5878 |   5704 |    174 |    747 |   3872 |   8 |  734.8 |
       Dungeon |   5786 |   5624 |    162 |    747 |   3805 |   7 |  826.6 |
        Temple |     91 |     79 |     12 |      0 |     67 |   1 |   91.0 |
               +--------+--------+--------+--------+--------+-----+--------+

Top non-repeatable levels by time:
     D:4: 1439 daAuts
     D:1: 1135 daAuts
     D:3: 893 daAuts
     D:5: 768 daAuts
     D:2: 748 daAuts
     D:6: 748 daAuts
  Temple: 91 daAuts
     D:7: 53 daAuts
